 Dungeon Crawl Stone Soup version 0.21-a0-94-gdd6ab6a (webtiles) character file.

88 tilp the Firebug (level 4, -2/33 HPs)
             Began as a Hill Orc Fire Elementalist on July 1, 2017.
             Slain by an iron imp (10 damage)
             ... summoned by Natasha
             ... on level 2 of the Dungeon.
             The game lasted 00:05:10 (2640 turns).

tilp the Firebug (Hill Orc Fire Elementalist)       Turns: 2640, Time: 00:05:11

Health: -2/33      AC:  2    Str: 10    XL:     4   Next: 53%
Magic:  1/7        EV: 12    Int: 16    God:
Gold:   183        SH:  0    Dex: 11    Spells: 0/8 levels left

rFire    . . .     SeeInvis .   h - +0 hand axe
rCold    . . .     Gourm    .   (no shield)
rNeg     . . .     Faith    .   a - +0 robe
rPois    .         Spirit   .   (no helmet)
rElec    .         Reflect  .   (no cloak)
rCorr    .         Harm     .   (no gloves)
MR       .....                  (no boots)
Stlth    ++........             (no amulet)
HPRegen  0.11/turn              (no ring)
MPRegen  0.10/turn              (no ring)

@: no status effects
A: no striking features
a: no special abilities


You were on level 2 of the Dungeon.
You were not hungry.

You visited 1 branch of the dungeon, and saw 2 of its levels.

You collected 183 gold pieces.

Inventory:

Hand Weapons
 h - a +0 hand axe (weapon)
Armour
 a - a +0 robe (worn)
Jewellery
 g - an uncursed amulet of guardian spirit {unknown}
Scrolls
 d - 3 scrolls of fear {unknown}
 i - a scroll of teleportation {unknown}
 l - a scroll of identify {unknown}
 o - a scroll of fog {unknown}
Potions
 e - a potion of cancellation {unknown}
 f - a potion of agility {unknown}
 j - a potion of ambrosia {unknown}
 k - a potion of flight {unknown}
 m - 2 potions of might {unknown}
 n - a potion of heal wounds {unknown}
 p - a potion of curing {unknown}
Books
 b - a book of Flames

   Spells                             Type                      Level
   a - Flame Tongue                   Conjuration/Fire             1
   b - Throw Flame                    Conjuration/Fire             2
   c - Conjure Flame                  Conjuration/Fire             3
   d - Inner Flame                    Hexes/Fire                   3
   e - Sticky Flame                   Conjuration/Fire             4
   f - Fireball                       Conjuration/Fire             5
Comestibles
 c - 3 bread rations


   Skills:
 - Level 1.5 Dodging
 - Level 1.5 Stealth
 - Level 2.5 Spellcasting
 * Level 1.8 Conjurations
 + Level 4.4 Fire Magic


You couldn't memorise any spells.
You knew the following spells:

 Your Spells              Type           Power        Failure   Level  Hunger
a - Flame Tongue          Conj/Fire      ##...        5%          1    #......
b - Conjure Flame         Conj/Fire      ##......     16%         3    ###....
c - Sticky Flame          Conj/Fire      ##......     47%         4    #####..


Dungeon Overview and Level Annotations

Branches:
Dungeon (2/15)

Altars:

Annotations:
D:2 Natasha


Message History

Natasha is heavily wounded.
Natasha casts a spell.
You hit Natasha.
Natasha is heavily wounded.
You hit the iron imp but do no damage. Natasha barely misses you.
The iron imp closely misses you.
You hit Natasha.
Natasha is severely wounded.
You barely miss the iron imp. Natasha closely misses you.
The iron imp closely misses you.
Unknown command.
You barely miss Natasha.
Natasha is severely wounded.
You closely miss the iron imp. Natasha casts a spell at you.
The magic dart hits you!
* * * LOW HITPOINT WARNING * * *
Natasha casts a spell.
The iron imp hits you!
You die...

##.#####.##..#.####.#.#.#
###.#.........#.#..#.#.#.#
####.##..#######.#.#(...#.#.#
..#.#.##.# #.#.######.#.#
..####.### #.#........#.##
.#.####.## #.##########..#
.........# #.............####
.#.......# #.##.###....#.....
...#####.#######@###.#.###...####
.#.# #......5h5###..## ##.## .#.#
######..........# #.# .#.#
#.########.# #.# .#.# #.# #.# #.#
.#.# #.# #.####.## .#.# #.#
#.#.....#### .#.# #.#
#.#.....#... .# #.#
###.........##


You could see an iron imp, Natasha and a shadow imp.

Vanquished Creatures
  Natasha (D:2)
  2 adders (D:2)
  An ooze (D:1)
  A dart slug (D:1)
  A leopard gecko (D:1)
  A ball python (D:2)
  4 bats
  2 giant cockroaches
  3 hobgoblins (D:2)
  A quokka (D:2)
  4 frilled lizards (D:2)
  7 goblins
  3 kobolds
  7 rats
38 creatures vanquished.

Notes
Turn   | Place    | Note
-------+----------+-------------------------------------------
     0 | D:1      | tilp the Hill Orc Fire Elementalist began the quest for the Orb.
     0 | D:1      | Reached XP level 1. HP: 14/14 MP: 3/3
   258 | D:1      | Reached XP level 2. HP: 17/20 MP: 0/4
  1069 | D:2      | Reached XP level 3. HP: 26/26 MP: 4/6
  1093 | D:2      | Learned a level 3 spell: Conjure Flame
  1431 | D:2      | Reached skill level 4 in Fire Magic
  1634 | D:2      | Noticed Natasha
  1644 | D:2      | Killed Natasha
  1644 | D:2      | Reached XP level 4. HP: 5/33 MP: 1/7
  2272 | D:2      | Learned a level 4 spell: Sticky Flame
  2627 | D:2      | Noticed Natasha
  2640 | D:2      | Slain by an iron imp

Vault maps used:
D:1:      roderic_crossed_star, minmay_fountain_box
D:2:      minivault_5, amethyst_killhole, uniq_natasha

Skill      XL: |  1  2  3 |
---------------+----------+-----
Spellcasting   | 2 |  2.5
Fire Magic     | 4 |  4.4
Dodging        | |  1.5
Stealth        | |  1.5
Conjurations   | |  1.8

Action                   |  1- 3 |  4- 6 || total
-------------------------+-------+-------++-------
Melee: Hand axe          |    56 |    38 ||    94
 Cast: Flame Tongue      |    25 |    21 ||    46
 Stab: Sleeping          |     2 |     1 ||     3
  Eat: Chunk             |     3 |       ||     3
       Royal jelly       |       |     2 ||     2
Armor: Robe              |     7 |     7 ||    14
Dodge: Dodged            |    49 |    30 ||    79
